 Dungeon Crawl Stone Soup version 0.17-a0-1404-gb8113a6 (webtiles) character file.

1399 urechis the Spear-Bearer (level 8, -4/58 HPs)
             Began as a Merfolk Gladiator on June 21, 2015.
             Was a Priest of Elyvilon.
             Slain by Aiteri's ghost (13 damage)
             ... on level 6 of the Dungeon.
             The game lasted 00:11:03 (5135 turns).

urechis the Spear-Bearer (Merfolk Gladiator)        Turns: 5135, Time: 00:11:03

Health: -4/58      AC:  8    Str: 15    XL:     8   Next: 69%
Magic:  6/8        EV: 14    Int:  8    God:    Elyvilon [***...]
Gold:   65         SH:  0    Dex: 16    Spells: 0 memorised, 7 levels left

rFire  + . .     SeeInvis +     A - +3 spear (pierce)
rCold  x . .     Clarity  .     i - +1 leather armour of Teedued {rN+ SInv} (curse)
rNeg   + . .     SustAt   .     (no shield)
rPois  .         Gourm    .     c - +0 helmet
rElec  .         Spirit   .     m - +0 cloak
rCorr  .         Warding  .     C - +0 pair of gloves
rMut   .         Stasis   .     E - +0 pair of boots
MR     .....                    (no amulet)
Stlth  ++........               l - ring of stealth
                                y - ring of fire

@: not resistant to hostile enchantments, unstealthy
A: change form in water, swift swim
a: Lesser Healing, Divine Protection, Heal Other, Purification, Renounce
Religion


You were on level 6 of the Dungeon.
You worshipped Elyvilon.
Elyvilon was most pleased with you.
You were hungry.

You visited 1 branch of the dungeon, and saw 6 of its levels.

You collected 254 gold pieces.
You spent 189 gold pieces at shops.

Inventory:

Hand weapons
 A - a +3 spear of piercing (weapon)
Missiles
 e - 3 throwing nets (quivered)
Armour
 c - a +0 helmet (worn)
 i - the cursed +1 leather armour of Teedued (worn) {rN+ SInv}
   (You bought it in a shop on level 4 of the Dungeon)

   It protects you from negative energy.
   It lets you see invisible.
   It has a curse placed upon it.
 m - a +0 cloak (worn)
 C - a +0 pair of gloves (worn)
 E - a +0 pair of boots (worn)
Jewellery
 j - an uncursed ring of magical power
 l - a ring of stealth (right hand)
 y - a ring of fire (left hand)
 F - an uncursed ring of magical power
Scrolls
 k - 3 scrolls of remove curse {unknown}
 n - 4 scrolls of immolation {unknown}
 q - a scroll of amnesia {unknown}
 r - a scroll of noise {unknown}
 t - 2 scrolls of fog {unknown}
 v - 2 scrolls of identify {unknown}
 w - a scroll of fear {unknown}
 B - 2 scrolls of enchant weapon {unknown}
 D - 2 scrolls of blinking {unknown}
 G - a scroll of enchant armour {unknown}
Potions
 a - 2 potions of cancellation {unknown}
 f - 3 potions of curing {unknown}
 g - a potion of mutation {unknown}
 h - 2 potions of degeneration {unknown}
 o - a potion of agility {unknown}
 p - a potion of cure mutation {unknown}
 s - 5 potions of heal wounds {unknown}
 u - a potion of brilliance {unknown}
 x - a potion of berserk rage {unknown}
 z - a potion of lignification {unknown}
Comestibles
 b - 3 chunks of flesh
 d - 6 bread rations


   Skills:
 + Level 3.5 Fighting
 * Level 13.8 Polearms
 - Level 2.0 Throwing
 + Level 5.1 Dodging


You had 7 spell levels left.
You didn't know any spells.

Dungeon Overview and Level Annotations

Branches:
Dungeon (6/15)             Temple (0/1) D:6

Altars:
Elyvilon
Fedhas
Gozag

Shops:
D:4 (}[**

Annotations:
D:6 Aiteri's ghost, experienced HOFi


Message History

Aiteri's ghost is lightly damaged.
Aiteri's ghost misses you.
You hit Aiteri's ghost but do no damage.
Aiteri's ghost is lightly damaged.
You hit Aiteri's ghost but do no damage.
Aiteri's ghost is lightly damaged.
Aiteri's ghost hits you!
* * * LOW HITPOINT WARNING * * *
You hit Aiteri's ghost but do no damage.
Aiteri's ghost is lightly damaged.
An orc comes into view. It is wielding a flail.
You barely miss Aiteri's ghost.
Aiteri's ghost is lightly damaged.
Aiteri's ghost hits you!
* * * LOW HITPOINT WARNING * * *
Use which ability? (? or * to list)
You are healed.
You are feeling hungry.
Aiteri's ghost hits you!
You die...

≈≈#####≈≈≈##....#
≈≈#...#≈≈≈##....##
≈≈#.>.#≈≈≈##.....# .
≈≈#...#≈≈≈##.)...# ..
≈≈##.##≈≈≈##.....# ...
≈≈≈#.#≈≈≈≈##.....# ..<.
≈≈≈#.#≈≈≈≈##.....# .....
≈≈F#.#≈≈≈≈##.....#......
####.#######....@Wh..#
...†..#....#.....#h..#
......'....#.....#.o.'..
...†..#....#.....# .#..
...)..##...'÷....# # .
......##...#.....#
......##...##...##
........##+##...#
###.###....# ...#


You could see Aiteri's ghost, an orc and 2 jackals.

Vanquished Creatures
  2 sky beasts
  2 ogres
  2 phantoms
  3 centaurs
  2 giant frogs (D:6)
  A crimson imp (D:5)
  A jelly (D:5)
  A centaur skeleton (D:4)
  A centaur zombie (D:6)
  3 iguanas
  3 worker ants
  Robin (D:3)
  10 adders
  3 gnolls (D:3)
  An ooze (D:2)
  An adder zombie (D:6)
  3 worms
  5 orcs
  19 bats
  6 giant cockroaches
  18 goblins
  10 hobgoblins
  13 jackals
  3 quokkas
  A ball python (D:1)
  4 giant geckos
  A giant gecko skeleton (D:4)
  2 giant newts (D:1)
  9 kobolds
  6 rats
137 creatures vanquished.

Notes
Turn   | Place    | Note
--------------------------------------------------------------
     0 | D:1      | urechis the Merfolk Gladiator began the quest for the Orb.
     0 | D:1      | Reached XP level 1. HP: 16/16 MP: 1/1
   135 | D:1      | Reached skill level 5 in Polearms
   160 | D:1      | Reached XP level 2. HP: 16/22 MP: 2/2
   644 | D:2      | Found a faded altar to an unknown god.
   729 | D:2      | Reached skill level 6 in Polearms
   729 | D:2      | Reached XP level 3. HP: 25/27 MP: 3/3
   812 | D:2      | Became a worshipper of Elyvilon the Healer
   812 | D:2      | Acquired Elyvilon's first power
  1296 | D:2      | Found a blossoming altar of Fedhas.
  1465 | D:2      | Reached XP level 4. HP: 31/33 MP: 4/4
  1516 | D:3      | Reached skill level 7 in Polearms
  1591 | D:3      | Noticed Robin
  1673 | D:3      | Reached skill level 8 in Polearms
  1879 | D:3      | Acquired Elyvilon's second power
  1913 | D:3      | Reached XP level 5. HP: 36/38 MP: 5/5
  2222 | D:3      | Killed Robin
  2828 | D:4      | Found an opulent altar of Gozag.
  2848 | D:4      | Found Lanigoif's Gadget Shoppe.
  2900 | D:4      | Reached skill level 9 in Polearms
  2933 | D:4      | Found Zacanelugu's Antique Weapon Shop.
  2952 | D:4      | Reached XP level 6. HP: 24/44 MP: 6/6
  3179 | D:4      | Noticed a phantom
  3201 | D:4      | Killed a phantom
  3201 | D:4      | Reached skill level 10 in Polearms
  3404 | D:4      | Acquired Elyvilon's third power
  3538 | D:4      | Found Dimiupsa's General Store.
  3555 | D:4      | Noticed an ogre
  3568 | D:4      | Killed an ogre
  3568 | D:4      | Reached XP level 7. HP: 3/50 MP: 7/7
  3883 | D:4      | Found Wibb's Assorted Antiques.
  4040 | D:4      | Found Dooph's Antique Armour Shoppe.
  4068 | D:4      | Reached skill level 11 in Polearms
  4292 | D:5      | Entered Level 5 of the Dungeon
  4575 | D:4      | Bought a transparent leather armour for 189 gold pieces
  4585 | D:4      | Identified the cursed +1 leather armour of Teedued {rN+ SInv} (You bought it in a shop on level 4 of the Dungeon)
  4652 | D:5      | Reached skill level 12 in Polearms
  4838 | D:6      | Reached XP level 8. HP: 56/56 MP: 8/8
  4854 | D:6      | Reached skill level 13 in Polearms
  5063 | D:6      | Found a staircase to the Ecumenical Temple.
  5105 | D:6      | Reached skill level 5 in Dodging
  5114 | D:6      | Noticed Aiteri's ghost (experienced HOFi)
  5135 | D:6      | Slain by Aiteri's ghost

Vault maps used:
D:1:      dpeg_arrival_short_road
D:2:      fedhas_altar_4, ecumenical_altar_2
D:3:      uniq_robin
D:4:      grunt_gozag_breadcrumbs, serial_shops, nicolae_shop_behind_doors,
          nicolae_shop_waterfront, nicolae_shop_crystal,
          nicolae_shop_statue_plus, kennysheep_mini, first_bread
D:6:      minmay_temple_entry_poolview, st_stairs_3, uniq_blork_the_orc

Action                   |  1- 3 |  4- 6 |  7- 9 || total
-------------------------+-------+-------+-------++-------
Melee: Trident           |   122 |   110 |       ||   232
       Spear             |       |   110 |   192 ||   302
Invok: Lesser Healing    |       |     1 |     2 ||     3
 Stab: Sleeping          |     7 |     6 |     3 ||    16
       Distracted        |       |     1 |       ||     1
  Eat: Chunk             |     1 |     6 |     5 ||    12
       Beef jerky        |       |     1 |       ||     1
